 Dungeon Crawl Stone Soup version 0.30-a0-1123-gabc949cf19 (webtiles) character file.

Game seed: 12397418202050148983

116 Arzdou the Digger (level 5, -1/28 HPs)
             Began as a Gargoyle Earth Elementalist on Apr 22, 2023.
             Slain by a gnoll
             ... wielding a +0 halberd
              (13 damage)
             ... on level 3 of the Dungeon.
             The game lasted 00:03:45 (1961 turns).

Arzdou the Digger (Gargoyle Earth Elementalist)     Turns: 1961, Time: 00:03:46

Health: -1/28      AC: 10    Str: 11    XL:     5   Next: 1%
Magic:  9/9        EV: 11    Int: 18    God:
Gold:   126        SH:  0    Dex: 10    Spells: 6/10 levels left

rFire   + . .        m - +0 sling
rCold   . . .        (no shield)
rNeg    + . .        b - +2 leather armour {rF+}
rPois   ∞            l - +0 helmet
rElec   +            (no cloak)
rCorr   .            (no gloves)
SInv    .            (no boots)
Will    .....        (no amulet)
Stlth   ++           (no ring)
HPRegen 0.24/turn    (no ring)
MPRegen 0.11/turn

%: no passive effects
@: no status effects
A: sickness immunity, AC +4, negative energy resistance 1, electricity
resistance, torment resistance 1, petrification resistance
a: no special abilities


You were on level 3 of the Dungeon.
You visited 1 branch of the dungeon, and saw 3 of its levels.

You collected 126 gold pieces.

Inventory:

Hand Weapons
 m - a +0 sling (weapon)
Armour
 a - a +0 robe
 b - a +2 leather armour of fire resistance (worn)
 l - a +0 helmet (worn)
Jewellery
 k - a ring of fire
 p - an amulet of regeneration
 q - a +4 ring of slaying
Scrolls
 e - 4 scrolls of identify {unknown}
 f - a scroll of magic mapping {unknown}
 h - 2 scrolls of blinking {unknown}
 j - 2 scrolls of vulnerability {unknown}
Potions
 c - 2 potions of haste {unknown}
 d - a potion of heal wounds {unknown}
 g - a potion of resistance {unknown}
 i - a potion of brilliance {unknown}
 n - a potion of degeneration {unknown}
 o - a potion of curing {unknown}
 r - a potion of might


   Skills:
 + Level 0.3 Fighting
 + Level 1.0 Ranged Weapons
 + Level 1.6 Dodging
 + Level 2.4 Stealth
 + Level 3.1 Spellcasting
 * Level 0.1 Conjurations
 + Level 0.7 Transmutations
 * Level 5.2 Earth Magic


You had 6 spell levels left.
You knew the following spells:

 Your Spells              Type           Power      Damage    Failure   Level
a - Sandblast             Erth           42%        2d11      2%          1
b - Stone Arrow           Conj/Erth      24%        3d8       22%         3

Your spell library contained the following spells:

 Spells                   Type           Power      Damage    Failure   Level
 Passwall                 Tmut/Erth      10%        N/A       10%         2
 Magic Dart               Conj           12%        1d3       21%         1
 Shock                    Conj/Air       12%        1d3       21%         1
 Call Imp                 Summ           4%         N/A       32%         2
 Petrify                  Tmut/Erth      13%        N/A       52%         4
 Mephitic Cloud           Conj/Pois/Air  2%         N/A       54%         3
 Swiftness                Air            2%         N/A       54%         3
 Airstrike                Air            1%         2d(1-17)  91%         4


Dungeon Overview and Level Annotations

Branches:
Dungeon (3/15)

Altars:


Innate Abilities, Weirdness & Mutations

You are immune to sickness and miasma.
Your stone body is resilient. (AC +4)
You are immune to poison.
You resist negative energy. (rN+)
You are resistant to electric shocks. (rElec)
You are resistant to unholy torment.
You are immune to petrification.


Message History

A gnoll comes into view. It is wielding a +0 spear.
Something hits the plant!
The plant begins to die.
A gnoll comes into view. It is wielding a +0 halberd.
You shoot a sling bullet.
The sling bullet barely misses the dart slug.
The gnoll shouts!
A gnoll comes into view. It is wielding a +0 halberd.
The gnoll throws a throwing net.
The throwing net hits you.
You become entangled in the net!
The dart slug launches a dart at you. The slug dart hits you.
You see here a throwing net.
You struggle against the net.
The gnoll hits something with a +0 halberd.
You struggle against the net.
You struggle against the net.
You struggle against the net.
The gnoll hits you from afar with a +0 spear.
You rip the net and break free!
A bat comes into view.
The dart slug launches a dart at you.
The slug dart hits you but does no damage.
The gnoll barely misses you.
You see here a bat corpse.
The gnoll throws a throwing net.
The throwing net hits you.
You become entangled in the net!
There is an escape hatch in the floor here.
You see here a throwing net.
You are held in a net!
You are held in a net!
You are held in a net!
You can't go up here!
You struggle against the net.
You struggle against the net.
The gnoll hits you from afar with a +0 halberd!
You struggle against the net.
The gnoll completely misses you.
The gnoll hits you from afar with a +0 halberd.
You rip the net and break free!
The gnoll closely misses you.
The gnoll hits you from afar with a +0 halberd!
You die...

###..... #.. ....b....
........ #.#.#........
##.#..... #.. #........
##..#..... #.. #........
###)...... #.# #g.......
#...#..#.. #.# #[.g.....
#.#....##...######.###.#
##.#.#.###
#.....#g.g†w.#
#....#...# #@.gg.####
#.<.####.# #####.#.#####
...## #.# #...........#
.#.# #.# #.###..####.#
##.# #.# #.#...## #.#
#.# #...### #.# #.#
##†### #.# #.####..# ..#
#.##)...#


You could see 4 gnolls and a dart slug.

Vanquished Creatures
  Jessica (D:2)
  Terence (D:2)
  A gnoll (D:1)
  An adder (D:2)
  A worm (D:1)
  A dart slug (D:2)
  A bat (D:3)
  5 endoplasms
  A giant cockroach (D:1)
  2 goblins
  7 hobgoblins
  3 jackals (D:2)
  5 quokkas
  5 ball pythons (D:1)
  A frilled lizard (D:2)
  A kobold (D:3)
  4 rats
41 creatures vanquished.

Vanquished Creatures (others)
  4 plants (D:3)
4 creatures vanquished.

Grand Total: 45 creatures vanquished

Notes
Turn   | Place    | Note
-------+----------+-------------------------------------------
     0 | D:1      | Arzdou the Gargoyle Earth Elementalist began the quest for
                  | the Orb.
     0 | D:1      | Reached XP level 1. HP: 10/10 MP: 3/3
   247 | D:1      | Reached XP level 2. HP: 15/15 MP: 0/5
   385 | D:1      | Reached skill level 4 in Earth Magic
   736 | D:1      | Reached XP level 3. HP: 19/19 MP: 3/6
  1291 | D:1      | Learned a level 3 spell: Stone Arrow
  1417 | D:2      | Noticed Terence
  1428 | D:2      | Killed Terence
  1429 | D:2      | Reached skill level 5 in Earth Magic
  1429 | D:2      | Reached XP level 4. HP: 8/24 MP: 2/8
  1506 | D:2      | Noticed Jessica
  1514 | D:2      | Killed Jessica
  1624 | D:2      | Reached skill level 1 in Ranged Weapons
  1888 | D:3      | Reached XP level 5. HP: 28/28 MP: 6/9
  1961 | D:3      | Slain by a gnoll

Illustrated notes

Levels and vault maps discovered:
D:1:      dpeg_arrival_brainrot, layout_loops_corners, dreamdust_wishing_well
D:2:      layout_rooms, dreamdust_princess_corridor, minmay_unequal,
          uniq_jessica, uniq_terence
D:3:      layout_rooms, mainiacjoe_overflow_six_doors_small,
          hellmonk_ecumenical_altar_pennies_from_heaven, grunt_decor_one_mirror,
          nicolae_grassy_gnolls

Skill      XL: |  1  2  3  4 |
---------------+-------------+-----
Earth Magic    | 4 5 |  5.2
Spellcasting   | 3 |  3.1
Ranged Weapons | 1 |  1.0
Fighting       | |  0.3
Dodging        | |  1.6
Stealth        | |  2.4
Conjurations   | |  0.1
Transmutations | |  0.7

Action                     |  1- 3 |  4- 6 || total
---------------------------+-------+-------++-------
   Fire: Sling             |    16 |    16 ||    32
   Cast: Sandblast         |    39 |    13 ||    52
         Stone Arrow       |     2 |       ||     2
    Use: Potion            |     1 |       ||     1
 Armour: Robe              |    11 |       ||    11
         Leather armour    |       |     3 ||     3
  Dodge: Dodged            |    10 |     7 ||    17

Table legend: (Time is in decaauts)
 A = Elapsed time spent in this place.
 B = Non-inter-level travel time spent in this place.
 C = Inter-level travel time spent in this place.
 D = Time resting spent in this place.
 E = Time spent auto-exploring this place.
 F = Levels seen in this place.
 G = Mean time per level.
                   A        B        C        D        E       F      G
               +--------+--------+--------+--------+--------+-----+--------+
         Total |   1998 |   1964 |     34 |      0 |   1691 |   3 |  666.0 |
       Dungeon |   1998 |   1964 |     34 |      0 |   1691 |   3 |  666.0 |
               +--------+--------+--------+--------+--------+-----+--------+

Top non-repeatable levels by time:
     D:1: 1322 daAuts
     D:2: 534 daAuts
     D:3: 142 daAuts
